 Dungeon Crawl Stone Soup version 0.28.0-43-g3370ac3207 (webtiles) character file.

Game seed: 8805658952549868066

43 pkoi the Sneak (level 3, -3/21 HPs)
             Began as an Octopode Hedge Wizard on Mar 17, 2022.
             Succumbed to a kobold brigand's curare-tipped dart
             ... on level 3 of the Dungeon.
             The game lasted 00:03:54 (3202 turns).

pkoi the Sneak (Octopode Hedge Wizard)              Turns: 3202, Time: 00:03:55

Health: -3/21      AC:  1    Str:  9    XL:     3   Next: 58%
Magic:  4/7        EV: 13    Int: 18    God:
Gold:   91         SH:  0    Dex: 11    Spells: 0/8 levels left

rFire   . . .      SeeInvis +   a - +0 dagger
rCold   . . .      Faith    .   (no shield)
rNeg    . . .      Spirit   .   b - +0 hat
rPois   .          Reflect  .   (no amulet)
rElec   .          Harm     .   i - ring of see invisible
rCorr   .          Rampage  .   (no ring)
Will    .....                   (no ring)
Stlth   +++.......              (no ring)
HPRegen 0.07/turn               (no ring)
MPRegen 0.10/turn               (no ring)
                                (no ring)
                                (no ring)

@: lethally poisoned (-3 -> -23), attractive, slowed, very slow
A: almost no armour, amphibious, 8 rings, camouflage 1, gelatinous body 1,
(nimble swimmer 1), tentacles
a: no special abilities


You were on level 3 of the Dungeon.
You visited 1 branch of the dungeon, and saw 3 of its levels.

You collected 91 gold pieces.

Inventory:

Hand Weapons
 a - a +0 dagger (weapon)
Armour
 b - a +0 hat (worn)
Jewellery
 i - a ring of see invisible (left tentacle)
Scrolls
 c - a scroll of blinking
 e - 2 scrolls of identify
 h - a scroll of fear
 k - a scroll of noise {unknown}
 m - a scroll of magic mapping {unknown}
 o - a scroll of fog {unknown}
Potions
 f - 2 potions of magic
 g - a potion of might {unknown}
 j - a potion of invisibility {unknown}
 l - a potion of curing {unknown}
 n - a potion of degeneration {unknown}


   Skills:
 - Level 2.2 Dodging
 + Level 3.7 Stealth
 + Level 3.3 Spellcasting
 + Level 1.8 Conjurations
 + Level 1.1 Summonings
 - Level 1.0 Translocations
 + Level 0.2 Air Magic
 + Level 0.2 Poison Magic


You couldn't memorise any spells.
You knew the following spells:

 Your Spells              Type           Power      Damage    Failure   Level
a - Magic Dart            Conj           36%        1d4       8%          1
b - Blink                 Tloc           12%        N/A       16%         2
c - Call Imp              Summ           7%         N/A       16%         2
d - Mephitic Cloud        Conj/Pois/Air  5%         N/A       34%         3

Your spell library contained the following spells:

 Spells                   Type           Power      Damage    Failure   Level
 Apportation              Tloc           12%        N/A       11%         1
 Slow                     Hex            12%        N/A       16%         1
 Static Discharge         Conj/Air       6%         N/A       16%         2
 Conjure Flame            Conj/Fire      6%         6-21      32%         3
 Swiftness                Air            3%         N/A       41%         3
 Summon Lightning Spire   Summ/Air       5%         N/A       75%         4
 Lightning Bolt           Conj/Air       3%         1d14      96%         5
 Summon Forest            Summ/Tloc      3%         N/A       96%         5
 Alistair's Intoxication  Tmut/Pois      2%         N/A       99%         5
 Summon Cactus Giant      Summ           3%         N/A       100%        6
 Maxwell's Capacitive Co  Air            1%         ∞         100%        8


Dungeon Overview and Level Annotations

Branches:
Dungeon (3/15)

Altars:


Innate Abilities, Weirdness & Mutations

You cannot wear most types of armour.
You are amphibious.
You can wear up to eight rings at the same time.
Your skin changes colour to match your surroundings (Stealth+).
Your rubbery body absorbs attacks. (AC +1, EV +1)
((You are camouflaged when in or above water. (Stealth+)))
You have tentacles for arms and can constrict up to eight enemies at once.


Message History

You see here a +0 club.
Aiming: Magic Dart (safe; 8% risk of failure)
Press: ? - help, Q - select action, (/) - cycle Shift-Dir - straight line, f/p - kobold
Aim: a kobold, wielding a +0 dagger (moderately wounded, ally target, 100% to hit)
The magic dart hits the kobold.
The kobold is severely wounded.
Your crimson imp closely misses the kobold brigand.
Aiming: Magic Dart (safe; 8% risk of failure)
Press: ? - help, Q - select action, (/) - cycle Shift-Dir - straight line, f/p - kobold
Aim: a kobold, wielding a +0 dagger (severely wounded, ally target, 100% to hit)
The magic dart hits the kobold.
You kill the kobold!
The kobold hits your crimson imp with a +0 club.
Your crimson imp completely misses the kobold.
Your crimson imp hits the kobold.
Your crimson imp closely misses the kobold.
Your crimson imp blinks!
You see here a +0 club.
You see here a +0 flail.
The kobold brigand throws a curare-tipped dart.
The curare-tipped dart completely misses you.
The kobold brigand throws a curare-tipped dart.
The curare-tipped dart barely misses you.
The kobold brigand throws a curare-tipped dart.
The curare-tipped dart hits you.
You are poisoned.
You have difficulty breathing.
You feel yourself slow down.
You feel very sick.
The kobold brigand throws a curare-tipped dart.
The curare-tipped dart completely misses you.
You feel sick.
The kobold brigand throws a curare-tipped dart.
The curare-tipped dart hits you.
You are lethally poisoned!
You have difficulty breathing.
* * * LOW HITPOINT WARNING * * *
You feel as though you will be slow longer.
It was a potion of attraction.
You feel attractive to monsters.
You die...

# ###≈######...5.)..K.K.......
######≈≈≈≈≈≈≈≈###.....###).......
#..≈≈≈≈≈≈≈≈### ########K###.....
###..≈≈≈≈≈## #.# #..###
##......### #.# #..###
####.#...###########.###....#
#..##.......##..K.....##..
##..........#.........###.
###...<.@.............##.
#...................###
###.................# #
#......#.........##
#########...#...## #########


You could see a kobold brigand.

Vanquished Creatures
  A dart slug (D:1)
  3 ball pythons
  4 bats
  2 endoplasms
  2 giant cockroaches
  3 goblins
  4 hobgoblins
  7 kobolds
  3 quokkas
  4 frilled lizards
  5 rats
38 creatures vanquished.

Notes
Turn   | Place    | Note
-------+----------+-------------------------------------------
     0 | D:1      | pkoi the Octopode Hedge Wizard began the quest for the Orb.
     0 | D:1      | Reached XP level 1. HP: 11/11 MP: 4/4
   326 | D:1      | Reached XP level 2. HP: 17/17 MP: 0/6
  1801 | D:2      | Reached XP level 3. HP: 21/21 MP: 3/7
  2034 | D:2      | Learned a level 2 spell: Blink
  2037 | D:2      | Learned a level 2 spell: Call Imp
  2041 | D:2      | Learned a level 3 spell: Mephitic Cloud
  2275 | D:3      | Identified a scroll of acquirement
  2275 | D:3      | Acquired the Handbook of the Cloudy Escort
  2374 | D:3      | Found a faded altar of an unknown god.
  3122 | D:3      | Noticed a kobold brigand
  3125 | D:3      | Noticed a kobold brigand
  3202 | D:3      | Succumbed to a kobold brigand's curare-tipped dart

Illustrated notes

Levels and vault maps discovered:
D:1:      lordsloth_arrival_two_stooges, layout_loops_cross
D:2:      layout_rooms, serial_curves, eino_curves_02, eino_curves_03
D:3:      cheibrodos_thug_alley, layout_rooms, ebering_ecumenical_altar_rust

Skill      XL: |  1 |
---------------+----+-----
Stealth        | 3 |  3.7
Dodging        | |  2.2
Spellcasting   | |  3.3
Conjurations   | |  1.8
Summonings     | |  1.1
Translocations | |  1.0
Air Magic      | |  0.2
Poison Magic   | |  0.2

Action                   || total
-------------------------++-------
Melee: Dagger            ||    28
       Tentacles         ||     4
       Constrict         ||     6
 Cast: Magic Dart        ||    79
       Call Imp          ||     1
  Use: Scroll            ||     4
       Potion            ||     1
 Stab: Sleeping          ||     2
Armor: Skin              ||     2
Dodge: Dodged            ||    12
